 Dungeon Crawl Stone Soup version 0.16-a0-3933-g06ce5c0 (webtiles) character file.

466 abixa the Slinger (level 7, 0/45 HPs)
             Began as a Halfling Hunter on Feb 5, 2015.
             Slain by Natasha (4 damage)
             ... on level 4 of the Dungeon.
             The game lasted 00:13:58 (4666 turns).

abixa the Slinger (Halfling Hunter)                 Turns: 4666, Time: 00:13:58

Health: 0/45       AC:  7    Str: 12    XL:     7   Next: 30%
Magic:  7/7        EV: 17    Int: 10    God:
Gold:   184        SH:  0    Dex: 24    Spells: 0 memorised, 6 levels left

rFire  . . .     SeeInvis .     a - +0 short sword
rCold  . . .     Clarity  .     J - +3 leather armour of Love and Death {rCorr Dex+7}
rNeg   . . .     SustAb   .     (no shield)
rPois  .         Gourm    .     d - +0 helmet
rElec  .         Spirit   .     (no cloak)
rCorr  +         Warding  .     (no gloves)
rMut   .         Stasis   .     (no boots)
MR     .....                    (no amulet)
Stlth  +++.......               (no ring)
                                F - ring of stealth

@: not resistant to hostile enchantments, fairly stealthy
A: mutation resistance 1
a: no special abilities


You were on level 4 of the Dungeon.
You were not hungry.

You visited 1 branch of the dungeon, and saw 4 of its levels.

You collected 184 gold pieces.

Inventory:

Hand weapons
 a - a +0 short sword (weapon)
 b - a +1 hunting sling
 N - a +0 trident
Missiles
 c - 39 sling bullets
 i - 3 stones (quivered)
 k - a throwing net
 t - 20 bolts
 v - 31 poisoned needles
 C - 26 arrows
Armour
 d - a +0 helmet (worn)
 g - a +0 ring mail
 J - the +3 leather armour of Love and Death (worn) {rCorr Dex+7}
   (You found it on level 4 of the Dungeon)

   It affects your dexterity (+7).
   It protects you from acid and corrosion.
Jewellery
 F - a ring of stealth (left hand)
Scrolls
 j - 3 scrolls of teleportation {unknown}
 m - 2 scrolls of fog {unknown}
 o - 2 scrolls of remove curse {unknown}
 u - a scroll of recharging {unknown}
 w - a scroll of blinking {unknown}
 y - a scroll of enchant weapon {unknown}
 z - 3 scrolls of identify {unknown}
 D - 2 scrolls of enchant armour {unknown}
 G - a scroll of random uselessness {unknown}
 H - a scroll of magic mapping {unknown}
 I - a scroll of noise {unknown}
Potions
 e - 2 potions of agility {unknown}
 l - a potion of curing {unknown}
 n - a potion of haste {unknown}
 r - 4 potions of ambrosia {unknown}
 s - a potion of restore abilities {unknown}
 x - 2 potions of flight {unknown}
 A - a potion of heal wounds {unknown}
 E - a potion of mutation {unknown}
 K - a potion of brilliance {unknown}
Books
 L - a book of Flames

   Spells                             Type                      Level
   a - Flame Tongue                   Conjuration/Fire             1
   b - Throw Flame                    Conjuration/Fire             2
   c - Conjure Flame                  Conjuration/Fire             3
   d - Inner Flame                    Hexes/Fire                   3
   e - Sticky Flame                   Conjuration/Fire             4
   f - Fireball                       Conjuration/Fire             5
Comestibles
 f - 6 bread rations
 h - a slice of pizza
 p - 8 fruits
 q - a royal jelly
 B - a meat ration
 M - 3 chunks of flesh


   Skills:
 - Level 2.2 Fighting
 + Level 6.1 Short Blades
 + Level 8.5 Slings
 + Level 3.3 Dodging
 - Level 1.1 Stealth


You had 6 spell levels left.
You didn't know any spells.

Dungeon Overview and Level Annotations

Branches:
Dungeon (4/15)
 Temple: D:4-7

Altars:
Ashenzari
Elyvilon

Shops:
D:4 ?

Annotations:
D:3 timbw's ghost, weakling CeTm
D:4 Natasha


Innate Abilities, Weirdness & Mutations

You are small and have problems with some larger weapons.
You are somewhat resistant to further mutation.


Message History

Natasha barely misses you.
You hit Natasha.
Natasha is moderately wounded.
Natasha completely misses you.
You hit Natasha.
Natasha is heavily wounded.
The crimson imp disappears in a puff of smoke!
Natasha stares at you.
You feel troubled.
Natasha stares at you and mumbles some strange words.
You resist with some effort.
You barely miss Natasha.
Natasha is heavily wounded.
Natasha completely misses you.
You hit Natasha.
Natasha is almost dead.
You barely miss Natasha.
Natasha is almost dead.
Natasha claws you.
You die...

#... #... #####...
.####.......
...............
###########.÷..
.............†.
#.##########..#########...
#...Kh5h@.................
#...#######.....####......
#...#.....##'#### ####P..
#...#..)).#..# #).#
#...#..†..#))# #..#
#..#####'##.)# # ##..#
#..#..)#..#'##....# #...#
#..'..)'..........# #...#
#..#####.######+#.# ##..#


You could see Natasha, a shadow imp, a jackal and a kobold.

Vanquished Creatures
  An ogre (D:4)
  2 hounds (D:4)
  An iguana (D:4)
  An orc priest (D:3)
  10 adders
  3 gnolls (D:4)
  2 giant mites
  3 worms
  An adder skeleton (D:4)
  3 giant geckos
  An ooze (D:4)
  8 orcs
  4 giant cockroaches
  18 goblins
  7 hobgoblins
  2 jackals (D:3)
  17 kobolds
  2 quokkas
  11 bats
  6 giant newts
  8 rats
111 creatures vanquished.

Notes
Turn   | Place    | Note
--------------------------------------------------------------
     0 | D:1      | abixa, the Halfling Hunter, began the quest for the Orb.
     0 | D:1      | Reached XP level 1. HP: 14/14 MP: 1/1
    51 | D:1      | Reached skill level 1 in Short Blades
   378 | D:1      | Reached XP level 2. HP: 16/19 MP: 2/2
   453 | D:1      | Found a shattered altar of Ashenzari.
   486 | D:1      | Reached skill level 6 in Slings
   805 | D:2      | Reached XP level 3. HP: 22/24 MP: 3/3
  1233 | D:2      | Reached XP level 4. HP: 24/29 MP: 4/4
  1929 | D:2      | Reached skill level 7 in Slings
  2019 | D:2      | Reached XP level 5. HP: 34/34 MP: 5/5
  3101 | D:3      | Noticed timbw's ghost (weakling CeTm)
  3384 | D:4      | Reached skill level 5 in Short Blades
  3450 | D:4      | Reached XP level 6. HP: 33/39 MP: 6/6
  3515 | D:4      | Found a white marble altar of Elyvilon.
  3539 | D:4      | Noticed an ogre
  3560 | D:4      | Killed an ogre
  3560 | D:4      | Reached skill level 8 in Slings
  3742 | D:4      | Found Louph's Magic Scroll Shop.
  4196 | D:4      | Got a steaming leather armour
  4207 | D:4      | Identified the +3 leather armour of Love and Death {rCorr Dex+7} (You found it on level 4 of the Dungeon)
  4248 | D:4      | Reached XP level 7. HP: 41/45 MP: 7/7
  4617 | D:4      | Noticed Natasha
  4666 | D:4      | Slain by Natasha

Action                   |  1- 3 |  4- 6 |  7- 9 || total
-------------------------+-------+-------+-------++-------
Melee: Short sword       |   159 |   231 |    90 ||   480
 Fire: Hunting sling     |     4 |    77 |    10 ||    91
 Stab: Sleeping          |       |     1 |     8 ||     9
       Distracted        |       |     1 |       ||     1
  Eat: Chunk             |     1 |     9 |     2 ||    12
